 Dungeon Crawl Stone Soup version 0.30.2 (webtiles) character file.

Game seed: 8944666594866642342

200 porpoise the Caller (level 5, -2/45 HPs)
             Began as an Ogre Summoner on Feb 2, 2024.
             Slain by a scorpion (7 damage)
             ... on level 3 of the Dungeon.
             The game lasted 00:11:51 (3191 turns).

porpoise the Caller (Ogre Summoner)                 Turns: 3191, Time: 00:11:51

Health: -2/45      AC:  3    Str: 12    XL:     5   Next: 79%
Magic:  7/12       EV:  9    Int: 24    God:
Gold:   155        SH:  0    Dex:  9    Spells: 4/13 levels left

rFire   . . .        a - +1 rapier (speed)
rCold   . . .        (no shield)
rNeg    . . .        d - +0 robe
rPois   .            (helmet restricted)
rElec   .            (no cloak)
rCorr   .            (gloves unavailable)
SInv    .            (boots unavailable)
Will    .....        h - amulet of the acrobat
Stlth   +            j - +6 ring of intelligence
HPRegen 0.27/turn    (no ring)
MPRegen 0.13/turn

%: acrobat
@: lethally poisoned (-2 -> -18), hasted, very quick
A: large, unfitting armour, tough skin 1
a: no special abilities


You were on level 3 of the Dungeon.
You visited 1 branch of the dungeon, and saw 4 of its levels.

You collected 155 gold pieces.

Inventory:

Hand Weapons
 a - a +1 rapier of speed (weapon)
 b - a +0 sling
 k - a +0 morningstar
Missiles
 q - 3 poisoned darts (quivered)
Armour
 d - a +0 robe (worn)
 u - a scarf of invisibility
Magical Staves
 g - a staff of earth
Jewellery
 h - an amulet of the acrobat (around neck)
 j - a +6 ring of intelligence (left hand)
Wands
 s - a wand of flame (5)
Scrolls
 c - a scroll of fear {unknown}
 e - a scroll of brand weapon {unknown}
 f - a scroll of blinking {unknown}
 i - a scroll of magic mapping {unknown}
 l - a scroll of immolation {unknown}
 m - a scroll of poison {unknown}
 p - a scroll of noise {unknown}
 t - 2 scrolls of teleportation {unknown}
 v - a scroll of identify {unknown}
 w - a scroll of enchant armour {unknown}
 x - a scroll of fog {unknown}
 y - a scroll of amnesia {unknown}
Potions
 o - 5 potions of magic
 r - a potion of curing {unknown}
 z - a potion of attraction {unknown}
 A - a potion of might {unknown}


   Skills:
 - Level 1.7 Dodging
 - Level 1.4 Stealth
 + Level 4.9 Spellcasting
 + Level 5.1 Summonings


You had 4 spell levels left.
You knew the following spells:

 Your Spells              Type           Power      Damage    Failure   Level
a - Summon Small Mammal   Summ           100%       N/A       1%          1
b - Call Imp              Summ           60%        N/A       1%          2
c - Call Canine Familiar  Summ           30%        N/A       3%          3
d - Summon Guardian Gole  Hex/Summ       18%        N/A       10%         3

Your spell library contained the following spells:

 Spells                   Type           Power      Damage    Failure   Level
 Magic Dart               Conj           20%        1d4       9%          1
 Searing Ray              Conj           10%        2d4       14%         2
 Dazzling Flash           Conj/Hex       10%        N/A       26%         3
 Tukima's Dance           Hex            5%         N/A       26%         3
 Summon Lightning Spire   Summ/Air       18%        N/A       30%         4
 Fulminant Prism          Conj/Hex       2%         3d5       65%         4
 Passage of Golubria      Tloc           5%         N/A       65%         4
 Agony                    Necr           5%         N/A       94%         5
 Silence                  Hex/Air        2%         N/A       94%         5
 Yara's Violent Unravell  Hex/Tmut       2%         3d3       94%         5


Dungeon Overview and Level Annotations

Branches:
Dungeon (4/15)
 Temple: D:4-7

Altars:


Innate Abilities, Weirdness & Mutations

You are too large for most types of armour.
You have tough skin. (AC +1)


Message History

You see here a jackal corpse.
Casting: Call Imp (safe; 1% risk of failure)
Confirm with . or Enter, or press ? or * to list all spells.
Okay, then.
Casting: Call Imp (safe; 1% risk of failure)
Confirm with . or Enter, or press ? or * to list all spells.
The scorpion stings you but does no damage.
Casting: Call Canine Familiar (dangerous; 3% risk of failure)
Confirm with . or Enter, or press ? or * to list all spells.
A guardian golem appears, shielding your allies.
The scorpion stings you.
You are poisoned.
The scorpion poisons you!
Your hound bites the worm.
The worm barely misses you.
You feel very sick.
Your hound bites the worm.
The scorpion closely misses you.
You feel sick.
Your hound bites the worm.
The scorpion attacks as you move away! The scorpion closely misses you.
You feel sick.
Your hound bites the worm.
You feel sick.
Your hound bites the worm.
You barely miss the scorpion.
You feel sick. The scorpion closely misses you.
Your hound bites the worm.
The worm bites your guardian golem but does no damage.
You barely miss the scorpion.
You feel sick.
Your hound bites the worm.
The scorpion stings you.
You are more poisoned.
The scorpion poisons you!
You completely miss the scorpion.
You feel sick.
Your hound bites the worm.
The scorpion stings you.
You are lethally poisoned!
The scorpion poisons you! The worm bites your hound!
Your hound bites the worm.
You barely miss the scorpion.
* * * LOW HITPOINT WARNING * * *
You feel very sick. The scorpion barely misses you.
Your hound barely misses the worm.
It was a potion of haste.
You feel yourself speed up.
* * * LOW HITPOINT WARNING * * *
You feel very sick. The scorpion stings you!
You die...

#.###.......#
#.##.##..##........ #.#
######### #.............####.
#.#
#########........###.......
#.#
#.........>...<..####.#####
#.#####.#######.h...........#
.........# ##w.....#######
.#######.# #9#.##.# .# #.#
#s#.##.# .# #.# #@#.##.# .#
#.# #......# .#######.###
###.#### ....##.....# ##.#
###.##.....# #..#
...........# #.##
.##..#.....# #.# .##..#.....#
#.# .#...#.##### #.#


You could see a worm (distracted, ally target), a scorpion (ally target), a
friendly guardian golem (summoned) and a friendly hound (summoned, sheltered).

Vanquished Creatures
  An adder (D:3)
  A worm (D:2)
  3 dart slugs
  2 orcs (D:3)
  3 ball pythons
  3 bats (D:2)
  3 endoplasms
  A giant cockroach (D:2)
  2 goblins
  5 hobgoblins
  A jackal (D:3)
  2 quokkas
  2 frilled lizards
  2 kobolds
  6 rats
37 creatures vanquished.

Vanquished Creatures (collateral kills)
  An iguana (D:4)
  Natasha (twice) (D:2)
  An orc wizard (D:3)
  2 adders
  A worm (D:2)
  An orc (D:3)
  2 bats
  An endoplasm (D:2)
  A goblin (D:4)
  A hobgoblin (D:1)
  2 jackals (D:3)
  A quokka (D:2)
  4 ball pythons
  A frilled lizard (D:1)
  2 kobolds
  3 rats
26 creatures vanquished.

Grand Total: 63 creatures vanquished

Notes
Turn   | Place    | Note
-------+----------+-------------------------------------------
     0 | D:1      | porpoise the Ogre Summoner began the quest for the Orb.
     0 | D:1      | Reached XP level 1. HP: 16/16 MP: 3/3
   202 | D:1      | Reached XP level 2. HP: 24/24 MP: 2/5
   594 | D:1      | Learned a level 2 spell: Call Imp
   655 | D:1      | Reached skill level 4 in Summonings
   816 | D:1      | Found a faded altar of an unknown god.
   989 | D:2      | Reached XP level 3. HP: 31/31 MP: 4/7
  1180 | D:2      | Learned a level 3 spell: Call Canine Familiar
  1184 | D:2      | Learned a level 3 spell: Summon Guardian Golem
  1603 | D:2      | Reached XP level 4. HP: 39/39 MP: 6/9
  1712 | D:2      | Noticed Natasha
  1726 | D:2      | Killed Natasha
  2064 | D:2      | Noticed Natasha
  2070 | D:2      | Killed Natasha
  2409 | D:3      | Reached XP level 5. HP: 40/45 MP: 6/11
  3094 | D:4      | Reached skill level 5 in Summonings
  3191 | D:3      | Slain by a scorpion

Illustrated notes

Levels and vault maps discovered:
D:1:      minmay_arrival_five_plusses, layout_loops_ring,
          shapermc_ecumenical_altar_hornbeckon
D:2:      layout_loops_ring, uniq_natasha
D:3:      layout_loops_cross, wander_ebering_terrifying_dragon_lair
D:4:      layout_rooms, minmay_temple_entry_sparse_star, minmay_ruined_shrine,
          uniq_pikel

Skill      XL: |  1  2  3  4  5 |
---------------+----------------+-----
Spellcasting   | 3 4 |  4.9
Summonings     | 4 5 |  5.1
Dodging        | |  1.7
Stealth        | |  1.4

Action                     |  1- 3 |  4- 6 || total
---------------------------+-------+-------++-------
  Melee: Unarmed           |    12 |       ||    12
         Morningstar       |    17 |       ||    17
         Rapier            |    57 |    57 ||   114
   Fire: Sling             |     5 |       ||     5
  Throw: Dart              |       |     3 ||     3
   Cast: Summon Small Mamm |    39 |     8 ||    47
         Call Imp          |     2 |     5 ||     7
         Call Canine Famil |       |     8 ||     8
         Summon Guardian G |       |     1 ||     1
    Use: Potion            |       |     1 ||     1
   Stab: Sleeping          |     4 |       ||     4
 Armour: Robe              |    32 |    14 ||    46
  Dodge: Dodged            |    51 |    38 ||    89
